 Dungeon Sprint DCSS version 0.31-a0-848-gaac375c287 (webtiles) character file.

Game seed: 4046885610170854034

160 sircluck the Ruffian (level 5, -5/88 HPs)
             Began as a Troll Berserker on Oct 4, 2023.
             Was a Believer of Trog.
             Slain by a sun demon (12 damage)
             ... summoned by a kobold demonologist
             ... in the Dungeon (Sprint III: "The Ten Rune Challenge").
             The game lasted 00:01:14 (185 turns).

sircluck the Ruffian (Troll Berserker)               Turns: 185, Time: 00:01:14

Health: -5/88      AC:  4    Str: 27    XL:     5   Next: 17%
Magic:  4/4        EV: 11    Int:  3    God:    Trog [**....]
Gold:   26         SH:  0    Dex:  9    Spells: 4/4 levels left

rFire   . .          .
                       - Unarmed
rCold   . . .        (no shield)
rNeg    . . .        a - +0 animal skin
rPois   .            (helmet restricted)
rElec   .            (no cloak)
rCorr   .            (gloves unavailable)
SInv    .            (boots unavailable)
Will    .....        (no amulet) Stlth
                     (no ring)
HPRegen 1.14/turn    (no ring)
MPRegen 0.09/turn

%: no teleportation
@: berserking, lethally poisoned (-5 -> -5), very quick
A: large, unfitting armour, claws 3, regeneration 1, shaggy fur 1, tough skin 1
a: Renounce Religion, Berserk, Trog's Hand


You were in the Dungeon.
You worshipped Trog.
Trog was pleased with you.
You visited 1 branch You collected 26 gold pieces.

Inventory:

Missiles
 h - a throwing net
Armour
 a - a +0 animal skin (worn)
Scrolls
 g - a scroll of blinking
 j - a scroll of immolation {unknown}
 k - 2 scrolls of identify
 n - a scroll of poison {unknown}
 o - a scroll of fear {unknown}
Potions
 b - a potion of curing
 c - a potion of heal wounds
 d - a potion of haste
 e - 2 potions of magic
 f - a potion of berserk rage
 l - a potion of ambrosia {unknown}
 m - a potion of invisibility {unknown}
 p - a potion of might {unknown}
 q - a potion of lignification {unknown}


   Skills:
 + Level 5.6 Fighting
 + Level 5.6 Dodging
 + Level 6.7 Unarmed Combat


You had 4 spell levels left.
You didn't know any spells.
Your spell library was empty.

Dungeon Overview and Level Annotations

Branches:
Dungeon (1/1)

Altars:
Kikubaaqudgha
Sif Muna
Vehumet


Innate Abilities, Weirdness & Mutations

You are too large for most types of armour.
You have claws for hands.
Your natural rate of healing is unusually fast.
You are covered in fur. (AC +1)
You have tough skin. (AC +1)


Message History

You resist with some effort.
The kobold demonologist gestures wildly while chanting.
The sun demon closely misses you.
You claw the wizard!
The wizard is severely wounded.
You feel sick. The sun demon hits you.
You are engulfed in flames!
The wizard completely misses you.
You closely miss the wizard.
The wizard is severely wounded.
You feel sick. The sun demon closely misses you.
A red film seems to cover your vision as you go berserk!
You feel yourself moving faster!
You feel mighty!
You feel sick.
The wizard casts a spell.
The wizard blinks!
The sun demon misses you.
You scratch the white imp.
The white imp is lightly wounded.
The white imp gestures at you. The puff of frost hits you!
You closely miss the white imp.
The white imp is lightly wounded.
You feel sick. The sun demon closely misses you.
You barely miss the white imp.
The white imp is lightly wounded.
You feel sick. The white imp gestures at you. The puff of frost misses you.
The sun demon hits you!
You are engulfed in flames!
* * * LOW HITPOINT WARNING * * *
You closely miss the sun demon.
The wizard casts a spell.
The wizard blinks!
The sun demon barely misses you.
You mangle the sun demon!!
The sun demon is heavily wounded.
You feel sick.
You claw the sun demon!
The sun demon is severely wounded.
You feel sick. The sun demon hits you!
* * * LOW HITPOINT WARNING * * *
You are engulfed in flames!
You die...

.#......#####..#
##...)...#..#..#
.##.##...#..#..###+#+###
.##.###..##'#..#........
####.##..###...'.⌠......
##..##..####...#...#####
....##..###....#§⌠.#
#..##...##.....#...#
..##....#†.†...#@###
.###..##.#.....#35$# .#
#..#####....#K5_# ▓▓
▓▓▓▓ ▓▓▓▓▓▓▓▓▓▓


You could see a sun demon (summoned), a kobold demonologist, an iron imp
(summoned) and a white imp (summoned).

Vanquished Creatures
  A scorpion (D)
  A water elemental (D)
  Jessica (D)
  A human (D)
  An endoplasm (D)
  A rat (D)
6 creatures vanquished.

Notes
Turn   | Place    | Note
-------+----------+-------------------------------------------
     0 | D        | sircluck the Troll Berserker began the quest for the Orb.
     0 | D        | Reached XP level 1. HP: 22/22 MP: 0/0
    23 | D        | Noticed Jessica
    27 | D        | Killed Jessica
    27 | D        | Reached ** piety under Trog
    28 | D        | Reached skill level 4 in Unarmed Combat
    28 | D        | Reached XP level 2. HP: 29/32 MP: 1/1
    55 | D        | Reached XP level 3. HP: 26/39 MP: 2/2
    68 | D        | Noticed a scorpion
    80 | D        | Killed a scorpion
    81 | D        | Reached skill level 5 in Fighting
    81 | D        | Reached skill level 6 in Unarmed Combat
    81 | D        | Reached XP level 4. HP: 12/50 MP: 3/3
    97 | D        | Gained mutation: You occasionally lose the ability to drink
                  | potions when taking damage. [potion of mutation]
    97 | D        | Gained mutation: Your system is resistant to poisons.
                  | (rPois) [potion of mutation]
    97 | D        | Gained mutation: You have sharp toenails. [potion of
                  | mutation]
    97 | D        | Gained mutation: You are robust. (+10% HP) [potion of
                  | mutation]
    98 | D        | Lost mutation: You have sharp toenails. [potion of
                  | mutation]
    98 | D        | Lost mutation: Your system is resistant to poisons. (rPois)
                  | [potion of mutation]
    98 | D        | Lost mutation: You occasionally lose the ability to drink
                  | potions when taking damage. [potion of mutation]
    98 | D        | Lost mutation: You are robust. (+10% HP) [potion of
                  | mutation]
   131 | D        | Noticed a water elemental
   135 | D        | Killed a water elemental
   136 | D        | Reached skill level 5 in Dodging
   136 | D        | Reached XP level 5. HP: 59/59 MP: 4/4
   173 | D        | Found a radiant altar of Vehumet.
   173 | D        | Found a shimmering blue altar of Sif Muna.
   173 | D        | Found an ancient bone altar of Kikubaaqudgha.
   175 | D        | Noticed a sun demon
   185 | D        | Slain by a sun demon

Illustrated notes

Levels and vault maps discovered:
D:        dungeon_sprint_mu [sprint_mu_entry_cave, sprint_mu_temple_rooms,
          sprint_mu_d1_horrors, sprint_mu_d2_genie, sprint_mu_d3_branching,
          sprint_mu_orc_legion, sprint_mu_elf_gauntlet, sprint_mu_hive_nellie,
          sprint_mu_lair_fedhas, sprint_mu_vaults_butterflies,
          sprint_mu_slime_circle, sprint_mu_shoals_archi,
          sprint_mu_snake_twists, sprint_mu_blade_basic,
          sprint_mu_crypt_chambers, sprint_mu_tomb_spiral,
          sprint_mu_vestibule_basic, sprint_mu_gehenna_hellfire,
          sprint_mu_dis_giant, sprint_mu_tartarus_statrot,
          sprint_mu_cocytus_islands, sprint_mu_zot1]

Skill      XL: |  1  2  3  4 |
---------------+-------------+-----
Fighting       | 3 4 5 |  5.6
Dodging        | 3 4 5 |  5.6
Unarmed Combat | 4 6 |  6.7

Action                     |  1- 3 |  4- 6 || total
---------------------------+-------+-------++-------
  Melee: Unarmed           |    21 |    13 ||    34
         Punch             |     1 |       ||     1
 Invoke: Berserk           |       |     2 ||     2
    Use: Potion            |       |     2 ||     2
   Stab: Sleeping          |     1 |       ||     1
 Armour: Animal skin       |    14 |     7 ||    21
  Dodge: Dodged            |     4 |     8 ||    12

Table legend: (Time is in decaauts)
 A = Elapsed time spent in this place.
 B = Non-inter-level travel time spent in this place.
 C = Inter-level travel time spent in this place.
 D = Time resting spent in this place.
 E = Time spent auto-exploring this place.
 F = Levels seen in this place.
 G = Mean time per level.
                   A        B        C        D        E       F      G
               +--------+--------+--------+--------+--------+-----+--------+
         Total |    187 |    187 |      0 |     39 |     79 |   1 |  187.0 |
       Dungeon |    187 |    187 |      0 |     39 |     79 |   1 |  187.0 |
               +--------+--------+--------+--------+--------+-----+--------+

Top non-repeatable levels by time:
       D: 187 daAuts
